AoeStats
← schutz

Four Lakes

510072403Analyzed
1v1 RM · 2d ago on Sep 29, 2026· 32m 19s· 2 players
Game mode
Random Map
Map size
Tiny (2 player)
Population
200
Speed
Normal
Resources
Standard
Victory
Conquest
Starting age
Dark Age
Ending age
Imperial Age
RankedLock teamsTeams togetherTeam positionsShared explorationLock speedFull tech treeHidden civsTurbo modeCheats
Victory
Defeat
🇰🇷 Danes · South Korea
1384
+15
🇬🇧 Italians · United Kingdom
1354
-15
arec
6:58 Loom
9:31 Feudal Age
21:00 Castle Age
21:56 Fletching
21:45 Crossbowman
25:05 Bodkin Arrow
29:36 Double-Bit Axe
schutz
7:11 Loom
9:57 Feudal Age
10:01 Man-at-Arms
10:43 Double-Bit Axe
13:44 Horse Collar
14:10 Arson
17:45 Scale Mail Armor
22:05 Castle Age
20:46 Forging
22:37 Wheelbarrow
22:17 Long Swordsman
22:43 Gambesons
23:40 Chain Mail Armor
24:13 Squires
30:08 Heavy Plow
31:39 Town Watch
Connection lost

Rejoining the realm…

Still unreachable

The connection could not be restored.

Session expired

The server has moved on; the page needs a fresh start.